 Dungeon Crawl Stone Soup version 0.28.0-43-g3370ac3207 (webtiles) character file.

Game seed: 14691778662974873246

28 Milton the Charlatan (level 3, 0/27 HPs)
             Began as a Djinni Artificer on Mar 6, 2022.
             Slain by a hobgoblin (6 damage)
             ... led by Robin
             ... on level 2 of the Dungeon.
             The game lasted 00:08:41 (1048 turns).

Milton the Charlatan (Djinni Artificer)             Turns: 1048, Time: 00:08:42

Health: 0/27       AC:  3    Str: 11    XL:     3   Next: 27%
Gold:   22         EV: 12    Int: 14    God:
                   SH:  0    Dex: 13

rFire   + + .      SeeInvis .   a - +0 club
rCold   x . .      Faith    .   (no shield)
rNeg    . . .      Spirit   .   b - +0 leather armour
rPois   ∞          Reflect  .   (no helmet)
rElec   .          Harm     .   (no cloak)
rCorr   .          Rampage  .   (no gloves)
Will    .....                   (boots unavailable)
Stlth   +.........              (no amulet)
HPRegen 0.09/turn               (no ring)
MPRegen 0.00/turn               (no ring)

@: mighty, flying
A: sickness immunity, fire resistance 2, cold vulnerability 1, float, innate
caster, HP casting, extra vitality 1
a: no special abilities


You were on level 2 of the Dungeon.
You visited 1 branch of the dungeon, and saw 2 of its levels.

You collected 22 gold pieces.

Inventory:

Hand Weapons
 a - a +0 club (weapon)
Armour
 b - a +0 leather armour (worn)
Wands
 d - a wand of charming (13)
Potions
 f - a potion of magic {unknown}
 g - a potion of might
Miscellaneous
 e - a piece from Xom's chessboard (3/15)


   Skills:
 * Level 1.2 Fighting
 * Level 1.2 Armour
 * Level 2.2 Dodging
 * Level 1.4 Stealth
 * Level 0.9 Unarmed Combat
 * Level 0.2 Spellcasting
 * Level 3.3 Evocations


You had one spell level left.
You knew the following spells:

 Your Spells              Type           Power      Damage    Failure   Level
a - Animate Skeleton      Necr           0%         N/A       34%         1
Your spell library was empty.

Dungeon Overview and Level Annotations

Branches:
Dungeon (2/15)

Altars:

Annotations:
D:2 Robin


Innate Abilities, Weirdness & Mutations

You are immune to sickness and miasma.
You are immune to poison.
Your flesh is very heat resistant. (rF++)
You are vulnerable to cold. (rC-)
You float through the air rather than walking.
You learn spells naturally, not from books.
Your magical power is your life essence.
You have superior vitality. (+4 MHP)


Message History

Gang up on whom?
Press: ? - help, Dir - move target, f - goblin, p - hobgoblin
Aim: a goblin, wielding a +0 dagger (strong) Attack!
The goblin barely misses you. The giant cockroach closely misses you.
Your hobgoblin barely misses the goblin.
The goblin hits you with a +0 dagger. The hobgoblin hits your hobgoblin.
Your hobgoblin dies!
The goblin barely misses you.
It was a potion of might.
You feel very mighty all of a sudden. The goblin hits you but does no damage.
The giant cockroach closely misses you. The goblin hits you with a +0 dagger.
The goblin hits you but does no damage.
You completely miss the hobgoblin.
The giant cockroach bites you but does no damage.
The goblin barely misses you. The goblin closely misses you.
The goblin barely misses you. The hobgoblin hits you.
The giant cockroach bites you but does no damage.
You thump the goblin!
You kill the goblin!
The goblin closely misses you. The hobgoblin barely misses you.
The goblin hits you with a +0 dagger.
The giant cockroach completely misses you.
The hobgoblin closely misses you. The goblin hits you but does no damage.
The goblin closely misses you. The hobgoblin barely misses you.
You hit the goblin.
You kill the goblin!
The giant cockroach barely misses you.
An endoplasm comes into view.
The goblin barely misses you. The hobgoblin misses you.
The goblin hits you but does no damage.
A rat comes into view.
The goblin completely misses you.
The giant cockroach completely misses you.
The hobgoblin barely misses you. x2; The goblin barely misses you.
You closely miss the hobgoblin. The hobgoblin barely misses you.
The goblin hits you with a +0 dagger.
* * * LOW HITPOINT WARNING * * *
The giant cockroach closely misses you. The goblin closely misses you.
The hobgoblin hits you.
You die...

## ##.# # #..# #. #..#
####.##########gg#.#.#.
..............B@ggg....
.)............gggg...Jr
...#.##.#######.##.#.#.
. # #.# #... .. #.#
####.##.. #.# # . #.#
### #.# #<# #.# #.#


You could see Robin, an endoplasm (wandering), a giant cockroach, 3 hobgoblins,
5 goblins and a rat (wandering).

Vanquished Creatures
  2 endoplasms (D:1)
  2 giant cockroaches (D:1)
  7 goblins
  2 hobgoblins (D:1)
  A kobold (D:1)
  A ball python (D:1)
  5 bats (D:1)
  4 rats (D:1)
24 creatures vanquished.

Vanquished Creatures (collateral kills)
  A worm (D:2)
1 creature vanquished.

Vanquished Creatures (others)
  A hobgoblin (D:2)
  5 plants (D:1)
6 creatures vanquished.

Grand Total: 31 creatures vanquished

Notes
Turn   | Place    | Note
-------+----------+-------------------------------------------
     0 | D:1      | Milton the Djinni Artificer began the quest for the Orb.
     0 | D:1      | Reached XP level 1. HP: 17/17 MP: 0/0
   133 | D:1      | Reached skill level 1 in Stealth
   208 | D:1      | Reached XP level 2. HP: 16/22 MP: 0/0
   761 | D:1      | Reached XP level 3. HP: 22/27 MP: 0/0
   761 | D:1      | Learned a level 1 spell: Animate Skeleton
  1039 | D:2      | Identified the +0 helmet of Nemelex Xobeh's Hatred {rF+
                  | Str+5}
  1039 | D:2      | Noticed Robin
  1048 | D:2      | Slain by a hobgoblin

Illustrated notes

Levels and vault maps discovered:
D:1:      nzn_arrival_water_spiral, layout_basic,
          hangedman_decor_diamond_cutter, serial_bayou_ford_a
D:2:      layout_basic, dreamdust_ecumenical_altar_sealed_demon, uniq_sigmund,
          uniq_natasha, uniq_robin

Skill      XL: |  1 |
---------------+----+-----
Stealth        | 1 |  1.4
Fighting       | |  1.2
Armour         | |  1.2
Dodging        | |  2.2
Unarmed Combat | |  0.9
Spellcasting   | |  0.2
Evocations     | |  3.3

Action                   || total
-------------------------++-------
Melee: Club              ||    54
       Punch             ||     1
Evoke: Wand              ||    17
       Piece from Xom's  ||    14
  Use: Potion            ||     1
 Stab: Petrified         ||    19
       Sleeping          ||     1
       Paralysed         ||     3
Armor: Leather armour    ||    32
Dodge: Dodged            ||    84
